 Dungeon Crawl Stone Soup version 0.18.1-5-g4a78601 (webtiles) character file.

121 Implojin the Insei (level 4, -1/35 HPs)
             Began as a Mummy Monk on May 13, 2016.
             Slain by an orc
             ... wielding a +0 trident
              (8 damage)
             ... on level 2 of the Dungeon.
             The game lasted 00:08:58 (5574 turns).

Implojin the Insei (Mummy Monk)                     Turns: 5574, Time: 00:08:58

Health: -1/35      AC:  0    Str: 14    XL:     4   Next: 77%
Magic:  4/4        EV: 13    Int:  9    God:
Gold:   44         SH:  0    Dex: 15    Spells: 0 memorised, 3 levels left

rFire  x . .     SeeInvis .       - Unarmed
rCold  + . .     Gourm    .     (no armour)
rNeg   + + +     Faith    .     (no shield)
rPois  ∞         Spirit   .     (no helmet)
rElec  .         Dismiss  .     (no cloak)
rCorr  .         Reflect  .     (no gloves)
SustAt .         Harm     .     (no boots)
MR     .....                    (no amulet)
Stlth  ++........               (no ring)
                                (no ring)

@: not resistant to hostile enchantments, unstealthy
A: no food or potions, fire vulnerability, cold resistance 1, negative energy
resistance 3, torment resistance, unbreathing
a: no special abilities


You were on level 2 of the Dungeon.
You were not hungry.

You visited 1 branch of the dungeon, and saw 3 of its levels.

You collected 44 gold pieces.

Inventory:

Jewellery
 b - an uncursed amulet of guardian spirit {unknown}
Scrolls
 c - a scroll of enchant weapon {unknown}
 e - a scroll of remove curse
Comestibles
 a - 2 bread rations (quivered)


   Skills:
 - Level 3.0 Fighting
 - Level 2.4 Dodging
 - Level 1.5 Stealth
 * Level 5.1 Unarmed Combat


You had 3 spell levels left.
You didn't know any spells.

Dungeon Overview and Level Annotations

Branches:
Dungeon (3/15)

Altars:
Dithmenos
Fedhas
Kikubaaqudgha
Makhleb
Nemelex Xobeh
Okawaru
Pakellas
Qazlal
Trog
Yredelemnul
The Shining One

Annotations:
D:3 Grinder


Innate Abilities, Weirdness & Mutations

You do not eat or drink.
Your flesh is vulnerable to fire.
You are immune to poison.
Your flesh is cold resistant.
You are immune to negative energy.
You are immune to unholy pain and torment.
You can survive without breathing.


Message History

The orc is heavily wounded.
The orc misses you.
You hit the orc but do no damage.
The orc is heavily wounded.
The orc hits you with a trident!
* * * LOW HITPOINT WARNING * * *
You closely miss the orc.
The orc is heavily wounded.
The orc closely misses you.
You closely miss the orc.
The orc is heavily wounded.
The orc hits you with a trident.
* * * LOW HITPOINT WARNING * * *
You hit the orc.
The orc is severely wounded.
You hit the orc but do no damage.
The orc is severely wounded.
The orc hits you with a trident!
* * * LOW HITPOINT WARNING * * *
You barely miss the orc.
The orc is severely wounded.
The orc hits you with a trident.
* * * LOW HITPOINT WARNING * * *
You hit the orc but do no damage.
The orc is severely wounded.
The orc barely misses you.
You hit the orc but do no damage.
The orc is severely wounded.
The orc closely misses you.
You barely miss the orc.
The orc is severely wounded.
The orc barely misses you.
Read which item? (? for menu, Esc to quit)
Okay, then.
You barely miss the orc.
The orc is severely wounded.
You hit the orc but do no damage.
The orc is severely wounded.
The orc hits you with a trident!
You die...

#.#########.....# ###
#### #.# #.....# #..
...##### #.# #.....#
#.# #.÷....#####.#
##.#### #.#
#............#####
###.##### #.#
....##.#####.....#
#.......# #.# #..###.#
#.....# #.#.###.# #..
.......#
#.....####.#.....#####
########
#.<.o@...............#
#.....####.##....###.#
###.### #.##.##.##...
####>######.......##..#
#.........####.#####..#
#.......#.####.### #...
#....([.#.##.....# #.##
#.......#.##..†..# #.##
#..<....#.##.....# #..(


You could see an orc.

Vanquished Creatures
  4 adders
  An ooze (D:3)
  5 worms
  3 giant geckos
  5 giant cockroaches
  5 goblins
  9 hobgoblins
  13 kobolds
  A quokka (D:3)
  9 bats
  3 giant newts
  4 rats
62 creatures vanquished.

Notes
Turn   | Place    | Note
--------------------------------------------------------------
     0 | D:1      | Implojin the Mummy Monk began the quest for the Orb.
     0 | D:1      | Reached XP level 1. HP: 18/18 MP: 1/1
   379 | D:1      | Reached XP level 2. HP: 24/24 MP: 2/2
  1500 | D:2      | Reached skill level 4 in Unarmed Combat
  2078 | D:2      | Reached XP level 3. HP: 29/29 MP: 3/3
  2273 | D:2      | Found an oddly glowing altar of Pakellas.
  2963 | D:2      | Found an oddly glowing altar of Pakellas.
  2963 | D:2      | Found a basalt altar of Yredelemnul.
  2969 | D:2      | Found a bloodstained altar of Trog.
  2970 | D:2      | Found a sparkling altar of Nemelex Xobeh.
  2970 | D:2      | Found a shadowy altar of Dithmenos.
  2970 | D:2      | Found a stormy altar of Qazlal.
  2971 | D:2      | Found an iron altar of Okawaru.
  2972 | D:2      | Found a blossoming altar of Fedhas.
  2973 | D:2      | Found an ancient bone altar of Kikubaaqudgha.
  2974 | D:2      | Found a glowing golden altar of the Shining One.
  3356 | D:3      | Reached XP level 4. HP: 13/35 MP: 4/4
  4083 | D:3      | Found a burning altar of Makhleb.
  4300 | D:3      | Noticed Grinder
  4639 | D:3      | Reached skill level 5 in Unarmed Combat
  5574 | D:2      | Slain by an orc

Skill      XL: |  1  2  3  4 |
---------------+-------------+-----
Unarmed Combat | 4 5 |  5.1
Fighting       | |  3.0
Dodging        | |  2.4
Stealth        | |  1.5

Action                   |  1- 3 |  4- 6 || total
-------------------------+-------+-------++-------
Melee: Unarmed           |   182 |   109 ||   291
       Punch             |     3 |     4 ||     7
  Use: Scroll            |     2 |     2 ||     4
 Stab: Sleeping          |     5 |     3 ||     8
Dodge: Dodged            |    87 |    68 ||   155

Table legend:
 A = Turns spent in this place as a percentage of turns spent in the entire game.
 B = Non-inter-level travel turns spent in this place as a percentage of non-inter-level travel turns spent in the entire game.
 C = Inter-level travel turns spent in this place as a percentage of turns spent in this place.
 D = Turns resting spent in this place as a percentage of non-inter-level travel turns spent in this place.
 E = Turns spent auto-exploring this place as a percentage of non-inter-level travel turns spent in this place.
 F = Non-inter-level travel turns spent in this place divided by the number of levels of this place that you've seen.
                   A       B       C       D       E      F
               +-------+-------+-------+-------+-------+----------------------
         Total | 100.0 | 100.0 |   0.7 |   6.1 |   5.9 | 403.7
       Dungeon | 100.0 | 100.0 |   0.7 |   6.1 |   5.9 | 403.7
               +-------+-------+-------+-------+-------+----------------------

Table legend:
 A = Kills in this place as a percentage of kills in entire the game.
 B = Kills by you in this place as a percentage of kills by you in the entire game.
 C = Kills by friends in this place as a percentage of kills by friends in the entire game.
 D = Other kills in this place as a percentage of other kills in the entire game.
 E = Experience gained in this place as a percentage of experience gained in the entire game.
 F = Experience gained in this place divided by the number of levels of this place that you have seen.
                   A       B       C       D       E      F
               +-------+-------+-------+-------+-------+----------------------
         Total | 100.0 | 100.0 |  -nan |  -nan | 100.0 |  58.0
       Dungeon | 100.0 | 100.0 |  -nan |  -nan | 100.0 |  58.0
               +-------+-------+-------+-------+-------+----------------------
